AoeStats
← newats2007

Arena

509934548Analyzed
3v3 RM · 3d ago on Sep 28, 2026· 38m 33s· 6 players
Game mode
Random Map
Map size
Normal (6 player)
Population
200
Speed
Normal
Resources
Standard
Victory
Conquest
Starting age
Dark Age
Ending age
Imperial Age
RankedLock teamsTeams togetherTeam positionsShared explorationLock speedFull tech treeHidden civsTurbo modeCheats
Victory
Defeat
🇫🇷 Saxons · France
1213
+16
🇮🇳 Khmer · India
1207
+16
🇬🇧 Varangians · United Kingdom
1158
+18
🇨🇱 Varangians · Chile
1239
-18
🇨🇱 Bohemians · Chile
1199
-16
🇦🇷 Saxons · Argentina
1189
-16
pity.grillo26
8:52 Feudal Age
7:18 Loom
9:31 Double-Bit Axe
13:09 Town Watch
19:14 Wheelbarrow
20:09 Fletching
24:43 Castle Age
24:02 Horse Collar
24:36 Gold Mining
24:36 Stone Mining
31:07 Bodkin Arrow
32:20 Ballistics
38:41 Imperial Age
36:38 Treadmill Crane
36:48 Guard Tower
37:25 Guard Tower
38:32 Gold Shaft Mining
|VNKS| Ildemaro14
9:55 Feudal Age
14:44 Castle Age
13:23 Double-Bit Axe
18:47 Loom
19:43 Horse Collar
22:48 Fletching
29:17 Imperial Age
27:28 Gold Mining
29:31 Forging
29:26 Scale Barding Armor
29:49 Ballistics
36:06 Elite Varangian Guard
36:48 Scale Mail Armor
37:24 Iron Casting
Stor3y76
11:25 Feudal Age
15:43 Castle Age
13:35 Double-Bit Axe
13:33 Horse Collar
16:30 Pikeman
17:28 Bow Saw
18:51 Loom
20:29 Scale Mail Armor
21:07 Fervor
21:17 Sanctity
22:34 Heavy Plow
28:19 Wheelbarrow
34:05 Imperial Age
32:53 Chemistry
34:52 Ballistics
35:03 Hand Cart
37:05 Chain Mail Armor
37:02 Forging
Nectarine
9:59 Feudal Age
14:35 Castle Age
12:22 Loom
12:49 Horse Collar
13:14 Double-Bit Axe
14:49 Arson
15:19 Squires
19:37 Scale Mail Armor
20:20 Forging
21:32 Chain Mail Armor
24:05 Iron Casting
24:53 Wheelbarrow
28:42 Hand Cart
30:43 Gold Mining
31:39 Town Watch
33:27 Heavy Plow
33:39 Bow Saw
33:37 Stone Mining
37:33 Imperial Age
37:38 Elite Varangian Guard
38:50 Plate Mail Armor
39:21 Blast Furnace
38:03 Gothikon
39:09 Conscription
Minister of Silly Walks
10:09 Feudal Age
14:11 Castle Age
13:03 Double-Bit Axe
13:03 Horse Collar
16:04 Bow Saw
16:01 Heavy Plow
23:17 Loom
28:22 Imperial Age
27:31 Fletching
29:47 Squires
29:32 Arson
29:58 Bodkin Arrow
31:06 Chemistry
30:43 Conscription
30:21 Town Watch
31:39 Masonry
30:58 Crossbowman
32:30 Conscription
33:14 Architecture
35:33 Ballistics
38:27 Wheelbarrow
37:47 Gambesons
37:30 Elite Varangian Guard
newats2007
10:59 Feudal Age
9:35 Loom
13:57 Castle Age
28:34 Double-Bit Axe
32:24 Imperial Age
31:37 Forging
31:28 Scale Mail Armor
31:19 Fletching
31:29 Padded Archer Armor
31:35 Scale Barding Armor
32:24 Wheelbarrow
31:35 Town Watch
32:13 Bow Saw
31:46 Horse Collar
33:45 Iron Casting
34:35 Chemistry
33:56 Ballistics
33:57 Double Crossbow
34:40 Bodkin Arrow
34:21 Heavy Scorpion
35:35 Leather Archer Armor
37:27 Blast Furnace
37:00 Bracer
37:39 Hand Cart
39:02 Conscription
39:37 Ring Archer Armor
39:25 Chain Mail Armor
Connection lost

Rejoining the realm…

Still unreachable

The connection could not be restored.

Session expired

The server has moved on; the page needs a fresh start.